 Dungeon Crawl Stone Soup version 0.28-a0-1130-gc51a68064b (webtiles) character file.

Game seed: 3961497149406655491

772 ytrimaz the Insei (level 7, -5/61 HPs)
             Began as an Octopode Transmuter on Dec 12, 2021.
             Slain by Sigmund (8 damage)
             ... on level 4 of the Dungeon.
             The game lasted 00:05:14 (3298 turns).

ytrimaz the Insei (Octopode Transmuter)             Turns: 3298, Time: 00:05:15

Health: -5/61      AC: 27    Str:  4 (7)  XL:     7   Next: 83%
Magic:  5/10       EV:  2    Int: 14 (17) God:
Gold:   240        SH:  0    Dex: 12 (15) Spells: 6/12 levels left

rFire   . . .      SeeInvis .     - Unarmed
rCold   . . .      Faith    .   (no shield)
rNeg    . . .      Spirit   .   (helmet currently unavailable)
rPois   +          Reflect  .   (no amulet)
rElec   .          Harm     .   a - +4 ring of protection
rCorr   .          Rampage  .   (no ring)
Will    .....      NoTele   +   (no ring)
Stlth   +.........              (no ring)
HPRegen 0.20/turn               (no ring)
MPRegen 0.12/turn               (no ring)
                                (no ring)
                                (no ring)

@: confused, tree-form, attractive
A: stationary, stasis, torment immunity, boosted hp, almost no armour,
(amphibious), 8 rings, (camouflage 1), (gelatinous body 1), (nimble swimmer 1),
(tentacles), agile 1, (cold resistance 1), frail 1, low mp 1, weak 1
a: no special abilities


You were on level 4 of the Dungeon.
You were a tree.
You visited 1 branch of the dungeon, and saw 4 of its levels.

You collected 240 gold pieces.

Inventory:

Jewellery
 a - a +4 ring of protection (left branch)


   Skills:
 * Level 3.4 Fighting
 * Level 4.3 Dodging
 * Level 5.6 Unarmed Combat
 * Level 3.0 Spellcasting
 * Level 3.6 Transmutations
 * Level 2.1 Poison Magic


You had 6 spell levels left.
You knew the following spells:

 Your Spells              Type           Power      Damage    Failure   Level
a - Beastly Appendage     Tmut           24%        N/A       4%          1
b - Wereblood             Tmut           12%        N/A       8%          2
c - Spider Form           Tmut/Pois      10%        N/A       21%         3

Your spell library contained the following spells:

 Spells                   Type           Power      Damage    Failure   Level
 Ensorcelled Hibernation  Hex/Ice        4%         N/A       32%         2
 Static Discharge         Conj/Air       2%         N/A       32%         2
 Ozocubu's Armour         Ice            2%         N/A       54%         3
 Tukima's Dance           Hex            2%         N/A       54%         3
 Ice Form                 Ice/Tmut       7%         N/A       71%         4
 Dispel Undead            Necr           2%         3d7       91%         4
 Sticky Flame             Conj/Fire      2%         2d3       91%         4
 Metabolic Englaciation   Hex/Ice        1%         N/A       99%         5
 Simulacrum               Ice/Necr       1%         N/A       100%        6


Dungeon Overview and Level Annotations

Branches:
Dungeon (4/15)
 Temple: D:4-7

Altars:
Vehumet

Shops:
D:3 ?

Annotations:
D:3 exclusion: downstairs
D:4 Sigmund


Innate Abilities, Weirdness & Mutations

You are a tree.
Your roots penetrate the ground, keeping you stationary.
You cannot be teleported.
You are immune to unholy pain and torment.
Your maximum health is greatly increased.
You cannot wear most types of armour.
((You are amphibious.))
You can wear up to eight rings at the same time.
((Your skin changes colour to match your surroundings (Stealth+).))
((Your rubbery body absorbs attacks. (AC +1, EV +1)))
((You are camouflaged near water. (Stealth+)))
((You have tentacles for arms and can constrict up to eight enemies at once.))
You are agile. (Dex +2)
((Your flesh is cold resistant. (rC+)))
You are frail. (-10% HP)
Your magical capacity is low. (-10% MP)
You are weak. (Str -2)


Message History

There was something very wrong with that liquid.
You feel weakened.
You feel dopey.
You feel clumsy.
Unknown command.
You hit the ogre.
The ogre looks as sick as possible!
The ogre is heavily wounded.
Something hits you but does no damage. The ogre closely misses you.
The orc wizard mumbles some strange words.
The orc wizard flickers and vanishes!
Unknown command.
You bite the ogre!
The ogre looks as sick as possible!
The ogre is almost dead.
Your transformation has ended.
You kill the ogre!
You hear some strange, mumbled words.
You are confused.
Something hits you!
* * * LOW HITPOINT WARNING * * *
Something is attracted toward you.
Your Spellcasting skill increases to level 3!
Unknown command.
Unknown command.
Really quaff the potion of lignification?
You turn into a tree.
Your roots penetrate the ground.
Unknown command.
You cannot move. (Use ctrl+direction or * direction to attack without moving.)
You nearly hit yourself!
An orc wizard comes into view. It is wielding a +0 dagger.
Something hits you but does no damage.
You writhe in agony.
* * * LOW HITPOINT WARNING * * *
You swing at nothing.
An orc comes into view. It is wielding a +0 dagger.
Your magical contamination has completely faded away.
The orc shouts!
You hit something. Something hits you but does no damage.
You writhe in agony.
* * * LOW HITPOINT WARNING * * *
You attack the rock wall.
An orc comes into view.
It is wielding a +0 hand axe and quivering silver boomerangs.
The orc wizard gestures at you while chanting.
Something hits you!
You die...

####.# ..# ..##.# ..#
# #.##.# ..# ..##.#
###### #...# .###.#
##....######...... .#
#.###....###.oo§O.....
.#
#...........o{##......
.# #####....§###)#
#...# .# ####### #♣#
... .# ###...###.# #
.# ##.......###
.######.........#
.....#....≈≈≈....
#.####...≈≈≈≈≈...
#.#.....≈≈...≈≈..
#.......≈≈o>.≈≈..
###.....≈≈...≈≈..


You could see an orc wizard and 2 orcs.

Vanquished Creatures
  Eustachio (D:4)
  2 ogres (D:4)
  3 kobold brigands (D:3)
  3 adders
  10 gnolls (D:3)
  A worm (D:3)
  6 dart slugs
  An orc (D:3)
  5 ball pythons
  9 bats
  4 endoplasms
  4 giant cockroaches
  10 hobgoblins
  4 jackals (D:1)
  51 kobolds
  3 quokkas
  7 frilled lizards
  8 goblins
  5 rats
137 creatures vanquished.

Notes
Turn   | Place    | Note
-------+----------+-------------------------------------------
     0 | D:1      | ytrimaz the Octopode Transmuter began the quest for the
                  | Orb.
     0 | D:1      | Reached XP level 1. HP: 13/13 MP: 3/3
   135 | D:1      | Reached XP level 2. HP: 13/18 MP: 3/5
   423 | D:1      | Learned a level 2 spell: Wereblood
   586 | D:1      | Reached XP level 3. HP: 23/23 MP: 4/6
   593 | D:1      | Learned a level 3 spell: Spider Form
   800 | D:1      | Found a faded altar of an unknown god.
   897 | D:2      | Reached skill level 1 in Poison Magic
   906 | D:2      | Reached XP level 4. HP: 17/28 MP: 1/7
  1614 | D:3      | Noticed a kobold brigand
  1635 | D:3      | Killed a kobold brigand
  1636 | D:3      | Reached skill level 4 in Unarmed Combat
  1636 | D:3      | Reached XP level 5. HP: 20/34 MP: 3/8
  1781 | D:3      | Gained mutation: Your body sometimes deteriorates upon
                  | taking damage. [potion of mutation]
  1781 | D:3      | Gained mutation: You sometimes lose the ability to read
                  | scrolls when taking damage. [potion of mutation]
  1781 | D:3      | Gained mutation: Your system is resistant to poisons.
                  | (rPois) [potion of mutation]
  1934 | D:3      | Lost mutation: You sometimes lose the ability to read
                  | scrolls when taking damage. [potion of mutation]
  1934 | D:3      | Lost mutation: Your body sometimes deteriorates upon taking
                  | damage. [potion of mutation]
  1934 | D:3      | Lost mutation: Your system is resistant to poisons. (rPois)
                  | [potion of mutation]
  1934 | D:3      | Gained mutation: You are frail. (-10% HP) [potion of
                  | mutation]
  1934 | D:3      | Gained mutation: You have hidden genetic defects. [potion
                  | of mutation]
  1934 | D:3      | Gained mutation: You are agile. (Dex +2) [potion of
                  | mutation]
  1934 | D:3      | Gained mutation: Your flesh is cold resistant. (rC+)
                  | [potion of mutation]
  1985 | D:3      | Reached XP level 6. HP: 30/36 MP: 7/9
  2002 | D:3      | Gained mutation: Your magical capacity is low. (-10% MP)
                  | [hidden defects]
  2289 | D:3      | Reached XP level 7. HP: 34/40 MP: 9/9
  2291 | D:3      | Gained mutation: You are weak. (Str -2) [hidden defects]
  2291 | D:3      | Lost mutation: You have hidden genetic defects. [hidden
                  | defects expressed]
  2613 | D:3      | Found a radiant altar of Vehumet.
  2613 | D:3      | Found Belituo's Magic Scroll Shoppe.
  3083 | D:4      | Noticed Sigmund
  3154 | D:4      | Reached skill level 5 in Unarmed Combat
  3266 | D:4      | Noticed Eustachio
  3285 | D:4      | Killed Eustachio
  3297 | D:4      | HP: 3/61 [something (1)]
  3298 | D:4      | Slain by Sigmund

Illustrated notes

Levels and vault maps discovered:
D:1:      dpeg_arrival_shelter, layout_rooms, chequers_ecumenical_altar_grove,
          minmay_fountain_box
D:2:      layout_rooms, amcnicky_mini_corridor_feature, minivault_23,
          dk_noncrumbling_3, minmay_heptomino_o4
D:3:      minmay_goblin_kobold_castle, layout_rooms,
          nicolae_overflow_hidden_temple, serial_shops,
          nicolae_shop_statue_plus, kennysheep_donut
D:4:      minmay_angry_zag, layout_loops_ring, tgw_sif,
          minmay_temple_entry_antechambers, uniq_eustachio, uniq_sigmund

Skill      XL: |  1  2  3  4  5  6  7 |
---------------+----------------------+-----
Poison Magic   | 1 2 |  2.1
Fighting       | 2 3 |  3.4
Dodging        | 3 4 |  4.3
Unarmed Combat | 4 5 |  5.6
Transmutations | 3 |  3.6
Spellcasting   | 3 |  3.0

Action                   |  1- 3 |  4- 6 |  7- 9 || total
-------------------------+-------+-------+-------++-------
Melee: Unarmed           |    74 |   162 |    67 ||   303
       Constrict         |    17 |    36 |    13 ||    66
       Kick              |     7 |     5 |     1 ||    13
       Tentacles         |     9 |    20 |     9 ||    38
       Punch             |     1 |     3 |       ||     4
 Cast: Beastly Appendage |     9 |    11 |     4 ||    24
       Spider Form       |     1 |     3 |     2 ||     6
       Wereblood         |       |     6 |       ||     6
  Use: Scroll            |     3 |     3 |     2 ||     8
       Potion            |       |     4 |     3 ||     7
 Stab: Sleeping          |     3 |     5 |     3 ||    11
Armor: Skin              |    20 |    46 |    13 ||    79
Dodge: Dodged            |    63 |   151 |    39 ||   253

Table legend: (Time is in decaauts)
 A = Elapsed time spent in this place.
 B = Non-inter-level travel time spent in this place.
 C = Inter-level travel time spent in this place.
 D = Time resting spent in this place.
 E = Time spent auto-exploring this place.
 F = Levels seen in this place.
 G = Mean time per level.
                   A        B        C        D        E       F      G
               +--------+--------+--------+--------+--------+-----+--------+
         Total |   3256 |   3135 |    121 |    346 |   1966 |   4 |  814.0 |
       Dungeon |   3256 |   3135 |    121 |    346 |   1966 |   4 |  814.0 |
               +--------+--------+--------+--------+--------+-----+--------+

Top non-repeatable levels by time:
     D:3: 1502 daAuts
     D:1: 856 daAuts
     D:2: 717 daAuts
     D:4: 179 daAuts
